 Dungeon Crawl Stone Soup version 0.29.1-2-gbd0b4ee654 (webtiles) character file.

Game seed: 14410560957743859402

227 zeram the Chopper (level 6, 0/51 HPs)
             Began as a Hill Orc Fighter on Nov 16, 2022.
             Slain by a giant cockroach (1 damage)
             ... on level 4 of the Dungeon.
             The game lasted 00:04:15 (3112 turns).

zeram the Chopper (Hill Orc Fighter)                Turns: 3112, Time: 00:04:15

Health: 0/51       AC:  9    Str: 21    XL:     6   Next: 2%
Magic:  6/6        EV:  9    Int:  8    God:
Gold:   209        SH:  4    Dex: 10    Spells: 5/5 levels left

rFire   . . .      SeeInvis .   a - +0 war axe
rCold   . . .      Faith    .   c - +0 buckler
rNeg    . . .      Spirit   .   b - +0 scale mail
rPois   .          Reflect  .   g - +0 helmet
rElec   .          Harm     .   d - +0 cloak
rCorr   .          Rampage  .   (no gloves)
Will    .....                   (no boots)
Stlth   ..........              (no amulet)
HPRegen 0.17/turn               (no ring)
MPRegen 0.10/turn               (no ring)

@: no status effects
A: no striking features
a: no special abilities


You were on level 4 of the Dungeon.
You visited 1 branch of the dungeon, and saw 4 of its levels.

You collected 209 gold pieces.

Inventory:

Hand Weapons
 a - a +0 war axe (weapon)
 i - the +4 dagger "Morg" {pain, Will+ Int+5}
   (You found it on level 2 of the Dungeon)

   In the hands of one skilled in necromantic magic, it inflicts extra damage on
   living creatures.
   Int:       It affects your intelligence (+5).
   Will:      It increases your willpower.
Armour
 b - a +0 scale mail (worn)
 c - a +0 buckler (worn)
 d - a +0 cloak (worn)
 g - a +0 helmet (worn)
Scrolls
 l - a scroll of teleportation
Potions
 f - 2 potions of curing
 j - a potion of heal wounds
 m - a potion of lignification
 p - a potion of degeneration


   Skills:
 - Level 3.6 Fighting
 + Level 5.9 Axes
 + Level 4.6 Armour
 + Level 1.0 Dodging
 + Level 4.1 Shields


You had 5 spell levels left.
You didn't know any spells.
Your spell library contained the following spells:

 Spells                   Type           Power      Damage    Failure   Level
 Animate Dead             Necr           0%         N/A       100%        4
 Haunt                    Necr/Summ      0%         N/A       100%        7
 Infestation              Necr           0%         N/A       100%        8


Dungeon Overview and Level Annotations

Branches:
Dungeon (4/15)
 Temple: D:4-7

Altars:
Makhleb
Nemelex Xobeh
Ru
Sif Muna
Yredelemnul


Message History

The gnoll attacks as you move away! The gnoll hits you but does no damage.
Found 12 gold pieces.
The adder bites you but does no damage. The adder attacks as you move away!
The adder bites you but does no damage. The gnoll attacks as you move away!
The gnoll hits you with a +0 mace.
* * * LOW HITPOINT WARNING * * *
There is a stone staircase leading down here.
You hit the adder.
The adder is severely wounded.
You hit the gnoll but do no damage. You block the adder's attack.
The gnoll hits you but does no damage. The adder bites you but does no damage.
Unknown command.
You slash the adder!
You kill the adder!
You hit the gnoll. The gnoll barely misses you.
You have reached level 6!
The gnoll closely misses you.
You see here an adder corpse.
Unknown command.
You closely miss the gnoll.
The gnoll is severely wounded.
You block the gnoll's attack. The gnoll barely misses you.
Unknown command.
The gnoll misses you. The gnoll closely misses you.
There is a stone staircase leading down here.
The gnoll attacks as you move away! The gnoll hits you but does no damage.
The gnoll attacks as you move away! The gnoll hits you with a +0 mace.
* * * LOW HITPOINT WARNING * * *
The gnoll attacks as you move away! The gnoll barely misses you.
The gnoll attacks as you move away! The gnoll closely misses you.
A giant cockroach comes into view.
The gnoll attacks as you move away! The gnoll hits you but does no damage.
The gnoll hits you with a +0 mace.
* * * LOW HITPOINT WARNING * * *
The gnoll hits you from afar with a +0 spear.
* * * LOW HITPOINT WARNING * * *
You block the giant cockroach's attack. The giant cockroach barely misses you.
The giant cockroach attacks as you move away!
The giant cockroach bites you.
You die...

######.# ##.### ## #.#
#..$.#
.#####.####....#
........)g.†>..#
.!....)........#
##.......###..g#
#.......###+#g##
#............$g#######
#.............B@.....#
#............#######.#
#............ #......
####.#. #... #


You could see 4 gnolls and a giant cockroach.

Vanquished Creatures
  A hound (D:4)
  Crazy Yiuf (D:2)
  An orc wizard (D:3)
  3 adders
  5 worms (D:3)
  A dart slug (D:1)
  7 orcs
  7 bats
  5 endoplasms
  6 giant cockroaches
  8 goblins
  8 hobgoblins
  11 jackals (D:2)
  5 quokkas
  8 ball pythons
  2 frilled lizards (D:1)
  4 kobolds
  5 rats
88 creatures vanquished.

Notes
Turn   | Place    | Note
-------+----------+-------------------------------------------
     0 | D:1      | zeram the Hill Orc Fighter began the quest for the Orb.
     0 | D:1      | Reached XP level 1. HP: 19/19 MP: 1/1
   160 | D:1      | Reached skill level 3 in Axes
   160 | D:1      | Reached XP level 2. HP: 24/26 MP: 2/2
   548 | D:1      | Reached XP level 3. HP: 25/31 MP: 3/3
  1104 | D:2      | Found the +4 dagger "Morg" {pain, Will+ Int+5}
  1126 | D:2      | Found a faded altar of an unknown god.
  1391 | D:2      | Reached skill level 4 in Axes
  1520 | D:2      | Reached XP level 4. HP: 39/39 MP: 4/4
  1765 | D:2      | Found a runed translucent door.
  1766 | D:2      | Noticed Crazy Yiuf
  1773 | D:2      | Killed Crazy Yiuf
  1978 | D:3      | Reached skill level 5 in Axes
  1978 | D:3      | Reached XP level 5. HP: 18/45 MP: 5/5
  2521 | D:3      | Found a shimmering blue altar of Sif Muna.
  2537 | D:3      | Found a burning altar of Makhleb.
  2814 | D:3      | Found a basalt altar of Yredelemnul.
  2818 | D:3      | Found a sparkling altar of Nemelex Xobeh.
  2822 | D:3      | Found a sacrificial altar of Ru.
  3012 | D:4      | Reached skill level 1 in Dodging
  3104 | D:4      | Reached XP level 6. HP: 9/51 MP: 6/6
  3109 | D:4      | HP: 1/51 [gnoll/+0 spear (4)]
  3112 | D:4      | Slain by a giant cockroach

Illustrated notes

Levels and vault maps discovered:
D:1:      minmay_arrival_split_and_join, layout_basic, minmay_stone_trees_small,
          st_stairs_2, lemuel_flame_loot_1
D:2:      layout_loops_cross, shapermc_ecumenical_altar_petra,
          uniq_crazy_yiuf_cottage
D:3:      layout_rooms, mainiacjoe_overflow_catwalk_spiral,
          grunt_temple_overflow_diamond
D:4:      layout_basic, minmay_misc_feat_enclosed, st_stairs_5, minmay_between

Skill      XL: |  1  2  3  4  5 |
---------------+----------------+-----
Axes           | 3 4 5 |  5.9
Armour         | 4 |  4.6
Shields        | 4 |  4.1
Dodging        | 1 |  1.0
Fighting       | |  3.6

Action                   |  1- 3 |  4- 6 || total
-------------------------+-------+-------++-------
Melee: War axe           |   108 |   122 ||   230
  Use: Potion            |       |     1 ||     1
       Scroll            |       |    10 ||    10
Armor: Scale mail        |    56 |    67 ||   123
Dodge: Dodged            |    56 |    74 ||   130
Block: Buckler           |    25 |    25 ||    50
